 Dungeon Crawl Stone Soup version 0.30-a0-149-g7f746667c4 (webtiles) character file.

Game seed: 2858346058934294587

12 themarg the Insei (level 2, 13/23 HPs)
             Began as a Gnoll Transmuter on Sept 26, 2022.
             Was a Follower of Zin.
             Got out of the dungeon alive.
             The game lasted 00:02:17 (499 turns).

themarg the Insei (Gnoll Transmuter)                 Turns: 499, Time: 00:02:17

Health: 13/23      AC:  2    Str:  9    XL:     2   Next: 33%
Magic:  7/7        EV: 13    Int: 12    God:    Zin [*.....]
Gold:   36         SH:  0    Dex: 12    Spells: 7/10 levels left

rFire   . . .      SeeInvis .    d - +0 dagger
rCold   . . .      Faith    .    (no shield)
rNeg    . . .      Spirit   .    a - +0 robe
rPois   .          Reflect  .    (no helmet)
rElec   .          Harm     .    (no cloak)
rCorr   .          Rampage  .    (no gloves)
Will    .....                    (no boots)
Stlth   +.........               (no amulet)
HPRegen 0.07/turn                (no ring)
MPRegen 0.10/turn                (no ring)

@: no status effects
A: fangs 1, strong nose, distributed training
a: Renounce Religion, Recite, Donate Gold


You escaped.
You worshipped Zin.
Zin was aware of your devotion.
You visited 1 branch of the dungeon, and saw 1 of its levels.

You collected 40 gold pieces.
You donated 4 gold pieces to Zin.

Inventory:

Hand Weapons
 d - a +0 dagger (weapon)
Armour
 a - a +0 robe (worn)
Potions
 b - a potion of lignification
 c - a potion of mutation {unknown}
 e - a potion of flight {unknown}


   Skills:
 + Level 2.5 Fighting
 + Level 0.4 Short Blades
 + Level 0.4 Long Blades
 + Level 0.4 Axes
 + Level 0.4 Maces & Flails
 + Level 0.4 Polearms
 + Level 0.4 Staves
 + Level 0.4 Ranged Weapons
 + Level 0.4 Throwing
 + Level 0.4 Armour
 + Level 4.5 Dodging
 + Level 0.4 Stealth
 + Level 0.4 Shields
 + Level 6.5 Unarmed Combat
 + Level 4.9 Spellcasting
 + Level 0.2 Conjurations
 + Level 0.2 Hexes
 + Level 0.2 Summonings
 + Level 0.2 Necromancy
 + Level 0.2 Translocations
 + Level 3.7 Transmutations
 + Level 0.2 Fire Magic
 + Level 0.2 Ice Magic
 + Level 0.2 Air Magic
 + Level 0.2 Earth Magic
 + Level 0.2 Poison Magic
 + Level 0.5 Invocations
 + Level 0.4 Evocations


You had 7 spell levels left.
You knew the following spells:

 Your Spells              Type           Power      Damage    Failure   Level
a - Beastly Appendage     Tmut           22%        N/A       4%          1
b - Wereblood             Tmut           11%        N/A       7%          2

Your spell library contained the following spells:

 Spells                   Type           Power      Damage    Failure   Level
 Summon Small Mammal      Summ           12%        N/A       19%         1
 Spider Form              Tmut/Pois      7%         N/A       26%         3
 Call Canine Familiar     Summ           3%         N/A       47%         3
 Summon Guardian Golem    Hex/Summ       3%         N/A       47%         3
 Ice Form                 Ice/Tmut       7%         N/A       65%         4


Dungeon Overview and Level Annotations

Branches:
Dungeon (1/15)

Altars:
Zin


Innate Abilities, Weirdness & Mutations

You have very sharp teeth.
Your uncanny sense of smell can sniff out nearby items.
Your experience applies equally to all skills.


Message History

The ball python attacks as you move away!
The ball python closely misses you. The ball python misses you.
The ball python attacks as you move away!
The ball python bites you. The ball python closely misses you.
The ball python grabs you. The ball python constricts you.
You escape the ball python's grasp.
The ball python attacks as you move away!
The ball python barely misses you. x2; The ball python closely misses you.
The ball python attacks as you move away!
The ball python barely misses you. The ball python bites you.
The ball python grabs you. The ball python constricts you.
The ball python's grasp on you weakens, but your attempt to escape fails.
The ball python misses you. The ball python constricts you.
You escape the ball python's grasp.
There is an open door here.
The ball python attacks as you move away!
The ball python misses you. The ball python barely misses you.
The ball python bites you. The ball python grabs you.
The ball python constricts you.
The ball python's grasp on you weakens, but your attempt to escape fails.
The ball python bites you. The ball python constricts you.
You escape the ball python's grasp.
There is a staircase leading out of the dungeon here.
Are you sure you want to leave the Dungeon?
This will make you lose the game! The ball python misses you.
The ball python grabs you.
You stop ascending the stairs.
The ball python constricts you.
You barely miss the ball python. The ball python barely misses you.
The ball python constricts you.
You hit the ball python.
The ball python is moderately wounded.
The ball python bites you. The ball python constricts you.
You hit the ball python.
The ball python is severely wounded.
The ball python bites you. The ball python constricts you.
The ball python completely misses you. The ball python constricts you.
You hit the ball python.
You kill the ball python!
Are you sure you want to leave the Dungeon?
This will make you lose the game!
You have escaped!

#.#
#.###....##+#..#.....#..##.#
#.#
#..#..#####.##...#..##..##..
#.# ##...## ##.##........).##.#
#.######### #...#....#.##.###..
#.....# #...#......##.#####
...(#.# ##...##.............
#...#.# ####..⌠..#####..#...###
#.....#####...........#####.###
# #..##...'.....⌠.@.⌠.....+.#.#
# #..########...........###...#
# #..# ####..⌠..#####...## #
#..# ##...######..## # #..#
#...# #.....# # #..#### #...#
#.###.#### # ##....#######
##.## #.##.....# #
...##.......####.####.##.###.#
.##########....#+#..>.....)..#


There were no monsters in sight!

Vanquished Creatures
  5 ball pythons (D:1)
  2 goblins (D:1)
  3 bats (D:1)
  2 kobolds (D:1)
12 creatures vanquished.

Notes
Turn   | Place    | Note
-------+----------+-------------------------------------------
     0 | D:1      | themarg the Gnoll Transmuter began the quest for the Orb.
     0 | D:1      | Reached XP level 1. HP: 17/17 MP: 6/6
   137 | D:1      | Reached XP level 2. HP: 23/23 MP: 5/7
   142 | D:1      | Learned a level 2 spell: Wereblood
   410 | D:1      | Found a faded altar of an unknown god.
   414 | D:1      | Prayed at the altar of an unknown god.
   414 | D:1      | Became a worshipper of Zin the Law-Giver
   414 | D:1      | Reached * piety under Zin
   499 | D:$      | Got out of the dungeon alive.

Illustrated notes

Levels and vault maps discovered:
D:1:      evilmike_arrival_plus, layout_basic,
          hellmonk_ecumenical_altar_heavens_door

Action                   || total
-------------------------++-------
Melee: Dagger            ||    21
       Kick              ||     6
       Unarmed           ||     3
       Headbutt          ||     2
       Punch             ||     1
 Cast: Beastly Appendage ||     8
       Wereblood         ||     1
Armor: Robe              ||     7
Dodge: Dodged            ||    27

Table legend: (Time is in decaauts)
 A = Elapsed time spent in this place.
 B = Non-inter-level travel time spent in this place.
 C = Inter-level travel time spent in this place.
 D = Time resting spent in this place.
 E = Time spent auto-exploring this place.
 F = Levels seen in this place.
 G = Mean time per level.
                   A        B        C        D        E       F      G
               +--------+--------+--------+--------+--------+-----+--------+
         Total |    497 |    497 |      0 |     15 |    344 |   1 |  497.0 |
       Dungeon |    497 |    497 |      0 |     15 |    344 |   1 |  497.0 |
               +--------+--------+--------+--------+--------+-----+--------+

Top non-repeatable levels by time:
     D:1: 497 daAuts
